 Dungeon Crawl Stone Soup version 0.31-a0-845-g9abc20d24f (webtiles) character file.

Game seed: 16878611557341641529

77 wvc the Firebug (level 4, -10/24 HPs)
             Began as a Gargoyle Fire Elementalist on Oct 1, 2023.
             Blown up by Ijyb (20 damage)
             ... with a mindburst bolt
             ... on level 3 of the Dungeon.
             The game lasted 00:05:04 (1766 turns).

wvc the Firebug (Gargoyle Fire Elementalist)        Turns: 1766, Time: 00:05:08

Health: -10/24     AC:  8    Str: 11    XL:     4   Next: 34%
Magic:  5/7        EV: 11    Int: 21    God:
Gold:   97         SH:  0    Dex: 10    Spells: 3/8 levels left

rFire   . . .        f - +0 dagger
rCold   . . .        (no shield)
rNeg    + . .        a - +0 robe
rPois   ∞            m - +2 helmet {Int+3}
rElec   +            (no cloak)
rCorr   .            (no gloves)
SInv    .            (no boots)
Will    .....        (no amulet)
Stlth   ++           (no ring)
HPRegen 0.24/turn    (no ring)
MPRegen 0.10/turn

%: no passive effects
@: no status effects
A: sickness immunity, AC +3, negative energy resistance 1, electricity
resistance, torment resistance 1, petrification resistance
a: no special abilities


You were on level 3 of the Dungeon.
You visited 1 branch of the dungeon, and saw 3 of its levels.

You collected 97 gold pieces.

Inventory:

Hand Weapons
 f - a +0 dagger (weapon)
Missiles
 i - 6 boomerangs
 j - 2 poisoned darts
Armour
 a - a +0 robe (worn)
 m - a +2 helmet of intelligence (worn)
Jewellery
 n - an amulet of faith
Scrolls
 e - 2 scrolls of blinking {unknown}
 g - a scroll of teleportation {unknown}
 h - 3 scrolls of brand weapon {unknown}
 k - a scroll of revelation {unknown}
 l - a scroll of identify {unknown}
 p - a scroll of immolation {unknown}
Potions
 b - a potion of magic
 c - 2 potions of curing {unknown}
 d - 2 potions of might {unknown}
 o - a potion of enlightenment {unknown}


   Skills:
 - Level 1.5 Dodging
 - Level 2.1 Stealth
 + Level 2.5 Spellcasting
 * Level 2.2 Conjurations
 + Level 4.2 Fire Magic


You had 3 spell levels left.
You knew the following spells:

 Your Spells              Type           Power      Damage    Failure   Level
a - Foxfire               Conj/Fire      64%        2x1d7     3%          1
b - Blink                 Tloc           4%         N/A       22%         2
c - Momentum Strike       Conj/Tloc      14%        3d8       13%         2

Your spell library contained the following spells:

 Spells                   Type           Power      Damage    Failure   Level
 Scorch                   Fire           40%        2d6       3%          2
 Inner Flame              Hex/Fire       11%        N/A       17%         3
 Volatile Blastmotes      Fire/Tloc      22%        2d11      17%         3
 Lesser Beckoning         Tloc           4%         N/A       22%         2
 Flame Wave               Conj/Fire      16%        2d7       36%         4


Dungeon Overview and Level Annotations

Branches:
Dungeon (3/15)

Altars:

Shops:
D:1 [

Annotations:
D:3 Ijyb


Innate Abilities, Weirdness & Mutations

You are immune to sickness and miasma.
Your stone body is resilient. (AC +3)
You are immune to poison.
You resist negative energy. (rN+)
You are resistant to electric shocks. (rElec)
You are resistant to unholy torment.
You are immune to petrification.


Message History

Found a glaive and a scroll labelled WUABUI AHAA.
Casting: Foxfire (safe; 4% risk of failure)
Press: ? - help, Q - select action, (/) - cycle Dir - look around, f - activate You conjure some foxfire!
The foxfire hits Jessica.
Jessica is moderately wounded.
The foxfire hits Jessica.
Jessica is heavily wounded.
Casting: Foxfire (safe; 4% risk of failure)
Press: ? - help, Q - select action, (/) - cycle Dir - look around, f - activate You conjure some foxfire!
Jessica hits you but does no damage.
You barely miss Jessica.
Jessica is heavily wounded.
The foxfire hits Jessica.
You kill Jessica!
You have reached level 4!
You feel clever.
Things that are here:
a +0 club; a +0 robe Your foxfire dissipates!
You hear the slow rusting of a very distant drain.
Magic restored.
You now have 97 gold pieces (gained 16).
p - a scroll labelled WUABUI AHAA Ijyb the Twisted Goblin comes into view.
She is wielding a +0 club and carrying a wand of mindburst.
Ijyb shouts!
Casting: Foxfire (safe; 3% risk of failure)
Press: ? - help, Q - select action, (/) - cycle Dir - look around, f - activate You conjure some foxfire!
Ijyb hits you but does no damage.
Your foxfire dissipates!
Ijyb zaps a wand.
Your mind is blasted!
Ouch! That really hurt!
Casting: Foxfire (safe; 3% risk of failure)
Press: ? - help, Q - select action, (/) - cycle Dir - look around, f - activate You conjure some foxfire!
Ijyb zaps a wand.
Your mind is blasted!
Ouch! That really hurt!
You die...

#...).....#..#.##
# #####.###....#
.# .......#..# .#
###.#####..# .#
#....#.# .#
##.##§#.# .#
.....§v§##.#
#######§v#g##
.......v@...#
##....#####.#
#.... # #... ####


You could see Ijyb (ally target).

Vanquished Creatures
  Jessica (D:3)
  An adder (D:2)
  A dart slug (D:2)
  2 bats (D:1)
  An endoplasm (D:2)
  6 giant cockroaches
  A goblin (D:1)
  7 hobgoblins
  2 quokkas
  3 ball pythons
  A frilled lizard (D:1)
  6 kobolds
  8 rats
40 creatures vanquished.

Vanquished Creatures (others)
  50 foxfires
50 creatures vanquished.

Grand Total: 90 creatures vanquished

Notes
Turn   | Place    | Note
-------+----------+-------------------------------------------
     0 | D:1      | wvc the Gargoyle Fire Elementalist began the quest for the
                  | Orb.
     0 | D:1      | Reached XP level 1. HP: 10/10 MP: 3/3
   217 | D:1      | Reached XP level 2. HP: 15/15 MP: 0/5
   442 | D:1      | Found Aruvupips's Armour Emporium.
   657 | D:1      | Reached XP level 3. HP: 18/19 MP: 3/6
  1100 | D:2      | Learned a level 2 spell: Blink
  1103 | D:2      | Learned a level 2 spell: Momentum Strike
  1500 | D:2      | Reached skill level 4 in Fire Magic
  1712 | D:3      | Noticed Jessica
  1718 | D:3      | Killed Jessica
  1719 | D:3      | Reached XP level 4. HP: 24/24 MP: 4/7
  1763 | D:3      | Noticed Ijyb
  1766 | D:3      | Blown up by Ijyb

Illustrated notes

Levels and vault maps discovered:
D:1:      reono_arrival_forest_river, layout_basic, serial_shops,
          nicolae_shop_tiny_real_fake_doors
D:2:      layout_basic, minmay_misc_feat_columns,
          nicolae_concentric_dashed_squares_mild
D:3:      layout_basic, gup_sewer_entry_spiral, serial_shops,
          nicolae_shop_statue_plus, shop, uniq_ijyb, uniq_jessica

Skill      XL: |  1  2  3 |
---------------+----------+-----
Conjurations   | 2 |  2.2
Fire Magic     | 4 |  4.2
Dodging        | |  1.5
Stealth        | |  2.1
Spellcasting   | |  2.5

Action                     |  1- 3 |  4- 6 || total
---------------------------+-------+-------++-------
  Melee: Dagger            |   125 |       ||   125
         Punch             |     1 |       ||     1
   Cast: Foxfire           |    30 |     2 ||    32
   Stab: Sleeping          |     5 |       ||     5
 Armour: Robe              |    87 |     1 ||    88
  Dodge: Dodged            |    74 |       ||    74

Table legend: (Time is in decaauts)
 A = Elapsed time spent in this place.
 B = Non-inter-level travel time spent in this place.
 C = Inter-level travel time spent in this place.
 D = Time resting spent in this place.
 E = Time spent auto-exploring this place.
 F = Levels seen in this place.
 G = Mean time per level.
                   A        B        C        D        E       F      G
               +--------+--------+--------+--------+--------+-----+--------+
         Total |   1774 |   1717 |     57 |      8 |   1294 |   3 |  591.3 |
       Dungeon |   1774 |   1717 |     57 |      8 |   1294 |   3 |  591.3 |
               +--------+--------+--------+--------+--------+-----+--------+

Top non-repeatable levels by time:
     D:2: 878 daAuts
     D:1: 812 daAuts
     D:3: 83 daAuts
